 Dungeon Crawl Stone Soup version 0.29.0-10-g45618ea6d2 (webtiles) character file.

Game seed: 10585101485284965664

443 robertstho the Magician (level 7, 0/46 HPs)
             Began as a Djinni Fire Elementalist on Sept 1, 2022.
             Slain by Ijyb
             ... wielding a +0 club
              (3 damage)
             ... on level 3 of the Dungeon.
             The game lasted 00:04:47 (3414 turns).

robertstho the Magician (Djinni Fire Elementalist)  Turns: 3414, Time: 00:04:48

Health: 0/46       AC:  2    Str:  7    XL:     7   Next: 23%
Gold:   255        EV: 13    Int: 25    God:
                   SH:  0    Dex: 13

rFire   + + .      SeeInvis .   h - +0 short sword (spect)
rCold   x . .      Faith    .   (no shield)
rNeg    . . .      Spirit   .   a - +0 robe
rPois   ∞          Reflect  .   (no helmet)
rElec   .          Harm     .   (no cloak)
rCorr   .          Rampage  .   (no gloves)
Will    .....                   (boots unavailable)
Stlth   ++........              (no amulet)
HPRegen 0.15/turn               e - +6 ring of intelligence
MPRegen 0.00/turn               (no ring)

@: flying
A: sickness immunity, fire resistance 2, cold vulnerability 1, float, innate
caster, HP casting, extra vitality 1
a: no special abilities


You were on level 3 of the Dungeon.
You visited 1 branch of the dungeon, and saw 3 of its levels.

You collected 255 gold pieces.

Inventory:

Hand Weapons
 g - a +2 dagger of venom
 h - a +0 spectral short sword (weapon)
Missiles
 c - a throwing net
Armour
 a - a +0 robe (worn)
Jewellery
 e - a +6 ring of intelligence (left hand)
Scrolls
 b - 4 scrolls of teleportation
 f - a scroll of fear {unknown}
 i - a scroll of identify {unknown}
 j - a scroll of butterflies
 l - a scroll of vulnerability {unknown}
Potions
 d - 2 potions of resistance {unknown}
 k - a potion of might {unknown}


   Skills:
 + Level 0.5 Fighting
 + Level 1.0 Short Blades
 + Level 3.8 Dodging
 + Level 2.5 Stealth
 + Level 5.0 Spellcasting


You couldn't memorise any spells.
You knew the following spells:

 Your Spells              Type           Power      Damage    Failure   Level
a - Foxfire               Conj/Fire      100%       2x1d9     1%          1
b - Scorch                Fire           62%        2d8       1%          2
c - Conjure Flame         Conj/Fire      31%        6-21      3%          3
d - Inner Flame           Hex/Fire       31%        N/A       3%          3
e - Flame Wave            Conj/Fire      31%        2d9       11%         4
f - Summon Small Mammal   Summ           100%       N/A       1%          1
g - Poisonous Vapours     Pois/Air       62%        N/A       1%          2
h - Passwall              Tmut/Erth      25%        N/A       1%          2
Your spell library was empty.

Dungeon Overview and Level Annotations

Branches:
Dungeon (3/15)

Altars:
Ashenzari
Gozag

Annotations:
D:3 Ijyb


Innate Abilities, Weirdness & Mutations

You are immune to sickness and miasma.
You are immune to poison.
Your flesh is very heat resistant. (rF++)
You are vulnerable to cold. (rC-)
You float through the air rather than walking.
You learn spells naturally, not from books.
Your magical power is your life essence.
You have superior vitality. (+4 MHP)


Message History

Your +0 spectral short sword hits Ijyb but does no damage.
Ijyb hits you with a +0 club. The grasping roots constrict you.
You barely miss Ijyb.
Ijyb is lightly wounded.
Your +0 spectral short sword hits Ijyb.
Ijyb hits you with a +0 club! The grasping roots constrict you.
The grasping roots release their grip on you.
You are too injured to fight recklessly!
Unknown command.
Casting: Scorch (safe; 1% risk of failure)
Confirm with . or Enter, or press ? or * to list all spells.
Flames lash Ijyb.
Ijyb is heavily wounded.
Ijyb's fire resistance burns away.
Ijyb zaps a wand.
The roots erupt in riotous growth!
The grasping roots grab you!
Ijyb is unaffected.
The grasping roots constrict you.
Casting: Scorch (safe; 1% risk of failure)
Confirm with . or Enter, or press ? or * to list all spells.
Flames lash Ijyb but do no damage.
Ijyb barely misses you. The grasping roots constrict you.
Casting: Scorch (safe; 1% risk of failure)
Confirm with . or Enter, or press ? or * to list all spells.
Flames lash Ijyb.
Ijyb is burned terribly!
Ijyb is severely wounded.
* * * LOW HITPOINT WARNING * * *
Ijyb closely misses you. The grasping roots constrict you.
* * * LOW HITPOINT WARNING * * *
The grasping roots release their grip on you.
Casting: Scorch (safe; 1% risk of failure)
Confirm with . or Enter, or press ? or * to list all spells.
Flames lash Ijyb but do no damage.
* * * LOW HITPOINT WARNING * * *
Ijyb hits you with a +0 club.
* * * LOW HITPOINT WARNING * * *
You hit Ijyb but do no damage.
Ijyb is severely wounded.
Your +0 spectral short sword hits Ijyb but does no damage.
Ijyb hits you with a +0 club.
You die...

#.#########
#.........#
#.........####
#..######....#
#..##........#
###..##.###....#
#.......# #.#.##
#.....#####.#.#####
#...........#...@g#
..#.........#####(#
###.######### #.# #.#
#.# ##'## #.# ##...##
#.# #.<...## ### #.#
.......## ##.###.###
........####........#


You could see Ijyb (combustible) and a friendly +0 spectral short sword
(summoned).

Vanquished Creatures
  Sigmund (D:2)
  A black bear (D:3)
  A hound (D:3)
  Natasha (twice) (D:3)
  Robin (D:2)
  2 adders
  A dart slug (D:1)
  4 orcs (D:3)
  4 endoplasms
  2 giant cockroaches
  14 goblins
  10 hobgoblins
  9 kobolds
  4 quokkas
  6 ball pythons
  6 bats
  5 frilled lizards
  4 rats
77 creatures vanquished.

Vanquished Creatures (others)
  109 foxfires
109 creatures vanquished.

Grand Total: 186 creatures vanquished

Notes
Turn   | Place    | Note
-------+----------+-------------------------------------------
     0 | D:1      | robertstho the Djinni Fire Elementalist began the quest for
                  | the Orb.
     0 | D:1      | robertstho set off with the following spells memorised:
                  | Foxfire, Scorch, Conjure Flame, Inner Flame, Flame Wave.
     0 | D:1      | Reached XP level 1. HP: 15/15 MP: 0/0
   107 | D:1      | Found a faded altar of an unknown god.
   170 | D:1      | Reached XP level 2. HP: 3/21 MP: 0/0
   735 | D:1      | Reached XP level 3. HP: 13/25 MP: 0/0
   735 | D:1      | Learned a level 1 spell: Summon Small Mammal
   745 | D:1      | Reached skill level 3 in Spellcasting
  1348 | D:2      | Noticed Sigmund
  1741 | D:2      | Reached XP level 4. HP: 28/31 MP: 0/0
  1808 | D:2      | Killed Sigmund
  1809 | D:2      | Reached skill level 4 in Spellcasting
  1809 | D:2      | Reached XP level 5. HP: 33/35 MP: 0/0
  1809 | D:2      | Learned a level 2 spell: Poisonous Vapours
  1809 | D:2      | Reached XP level 6. HP: 38/40 MP: 0/0
  1957 | D:2      | Noticed Robin
  1960 | D:2      | Killed Robin
  2265 | D:3      | Found an opulent altar of Gozag.
  2269 | D:3      | Found a broken altar of Ashenzari.
  2331 | D:3      | Noticed a black bear
  2342 | D:3      | Killed a black bear
  2349 | D:3      | Reached XP level 7. HP: 26/46 MP: 0/0
  2349 | D:3      | Learned a level 2 spell: Passwall
  2609 | D:3      | Noticed Natasha
  2613 | D:3      | Killed Natasha
  2863 | D:3      | Reached skill level 1 in Short Blades
  2913 | D:3      | Noticed Natasha
  2926 | D:3      | Killed Natasha
  3353 | D:3      | Reached skill level 5 in Spellcasting
  3402 | D:3      | Noticed Ijyb
  3414 | D:3      | Slain by Ijyb

Illustrated notes

Levels and vault maps discovered:
D:1:      zaba_arrival_water, layout_basic, ebering_ecumenical_altar_box
D:2:      layout_basic, uniq_robin, uniq_sigmund
D:3:      layout_loops_corners, jmf_multi_god_temple, minmay_divided_ellipse,
          uniq_crazy_yiuf_cottage, uniq_ijyb, uniq_natasha

Skill      XL: |  1  2  3  4  5  6  7 |
---------------+----------------------+-----
Spellcasting   | 3 4 5 |  5.0
Dodging        | 3 |  3.8
Stealth        | 2 |  2.5
Short Blades   | 1 |  1.0
Fighting       | |  0.5

Action                   |  1- 3 |  4- 6 |  7- 9 || total
-------------------------+-------+-------+-------++-------
Melee: Short sword       |    17 |     4 |    44 ||    65
 Cast: Foxfire           |    41 |    22 |     1 ||    64
       Scorch            |    10 |    10 |    15 ||    35
       Conjure Flame     |       |     1 |       ||     1
  Use: Scroll            |     6 |       |       ||     6
       Potion            |     1 |       |       ||     1
 Stab: Sleeping          |     2 |       |       ||     2
Armor: Robe              |    16 |     3 |       ||    19
Dodge: Dodged            |    37 |     1 |    29 ||    67
